 Dungeon Crawl Stone Soup version 0.31-a0-345-g1ebeae05c6 (webtiles) character file.

Game seed: 8188895640831202634

3713 bmack86 the Cleaver (level 9, -1/75 HPs)
             Began as a Minotaur Fighter on July 23, 2023.
             Was an Elder of Okawaru.
             Killed from afar by an electric eel (4 damage)
             ... with a bolt of electricity
             ... in a bailey.
             The game lasted 00:14:58 (6564 turns).

bmack86 the Cleaver (Minotaur Fighter)              Turns: 6564, Time: 00:14:59

Health: -1/75      AC: 13    Str: 25    XL:     9   Next: 91%
Magic:  10/10      EV: 11    Int:  5    God:    Okawaru [****..]
Gold:   602        SH:  9    Dex: 10    Spells: 8/8 levels left

rFire   + . .        a - +2 war axe (flame)
rCold   + . .        f - +0 kite shield
rNeg    . . .        m - +1 plate armour
rPois   +            (helmet restricted)
rElec   +            (no cloak)
rCorr   +            (no gloves)
SInv    .            (no boots)
Will    .....        (no amulet) Stlth
                     i - +5 ring of evasion
HPRegen 0.32/turn    (no ring)
MPRegen 0.12/turn

%: no passive effects
@: resistant, invisible
A: horns 2, retaliatory headbutt
a: Renounce Religion, Heroism, Finesse


You were in a bailey.
You worshipped Okawaru.
Okawaru was greatly pleased with you.
You visited 2 branches of the dungeon, and saw 8 of its levels.
You also visited: Ossuary and Bailey.

You collected 602 gold pieces.

Inventory:

Hand Weapons
 a - a +2 war axe of flaming (weapon)
 o - a +0 broad axe
Missiles
 n - 2 throwing nets
 p - 2 javelins
Armour
 b - a +0 scale mail
 c - a +0 buckler
 f - a +0 kite shield (worn)
 m - a +1 plate armour (worn)
Jewellery
 i - a +5 ring of evasion (left hand)
Wands
 k - a wand of paralysis (24)
 u - a wand of mindburst (15)
 y - a wand of flame (25)
Scrolls
 s - a scroll of acquirement
 A - a scroll of amnesia {unknown}
Potions
 d - a potion of might
 e - 3 potions of lignification
 h - 2 potions of mutation
 j - 6 potions of enlightenment
 l - 3 potions of magic
 q - 2 potions of haste
 r - 6 potions of curing
 B - a potion of heal wounds {unknown}


   Skills:
 + Level 6.0 Fighting
 - Level 14.0 Axes
 + Level 6.1 Armour
 + Level 6.0 Shields
 + Level 3.7 Invocations


You had 8 spell levels left.
You didn't know any spells.
Your spell library contained the following spells:

 Spells                   Type           Power      Damage    Failure   Level
 Ensorcelled Hibernation  Hex/Ice        0%         N/A       100%        2
 Passwall                 Tmut/Erth      0%         N/A       100%        2
 Hailstorm                Conj/Ice       0%         3d3       100%        3
 Portal Projectile        Hex/Tloc       0%         N/A       100%        3
 Swiftness                Air            0%         N/A       100%        3
 Vhi's Electric Charge    Tloc/Air       0%         N/A       100%        3
 Leda's Liquefaction      Hex/Erth       0%         N/A       100%        4
 Arcjolt                  Conj/Air       0%         1d10      100%        5
 Maxwell's Capacitive Co  Air            0%         ∞         100%        8
 Call Canine Familiar     Summ           Unusable   N/A       N/A         3
 Summon Ice Beast         Ice/Summ       Unusable   N/A       N/A         4
 Simulacrum               Ice/Necr       Unusable   N/A       N/A         6

Dungeon Overview and Level Annotations

Branches:
Dungeon (7/15)             Temple (1/1) D:4         Ossuary (visited)
 Bailey (1/1)

Altars:
Ashenzari
Cheibriados
Elyvilon
Gozag
Hepliaklqana
Kikubaaqudgha
Makhleb
Nemelex Xobeh
Okawaru
Qazlal
Ru
Sif Muna
Trog
Uskayaw
Vehumet
Wu Jian
Xom
Yredelemnul
Zin
The Shining One

Shops:
D:6 (


Innate Abilities, Weirdness & Mutations

You have a pair of horns on your head.
You reflexively headbutt those who attack you in melee.


Message History

Moving in this stuff is going to be slow.
The electric eel shoots out a bolt of lightning at you!
The bolt of electricity hits you!
* * * LOW HITPOINT WARNING * * *
You feel protected.
You barely miss the electric eel.
The electric eel shoots out a bolt of lightning at you!
The bolt of electricity hits you. You resist.
* * * LOW HITPOINT WARNING * * *
Your unstable footing causes you to fumble your attack.
The electric eel shoots out a bolt of lightning at you!
The bolt of electricity hits you. You resist.
* * * LOW HITPOINT WARNING * * *
The electric eel shoots out a bolt of lightning at you!
The bolt of electricity hits you. You resist.
* * * LOW HITPOINT WARNING * * *
The electric eel shoots out a bolt of lightning at you!
The bolt of electricity hits you. You resist.
* * * LOW HITPOINT WARNING * * *
The electric eel shoots out a bolt of lightning at you!
The bolt of electricity hits you. You resist.
* * * LOW HITPOINT WARNING * * *
You hit the electric eel. You burn the electric eel.
The electric eel is moderately wounded.
You barely miss the electric eel.
The electric eel shoots out a bolt of lightning at you!
The bolt of electricity hits you. You resist.
* * * LOW HITPOINT WARNING * * *
The bolt of electricity misses you.
The bolt of electricity hits the electric eel.
The electric eel completely resists.
The electric eel shoots out a bolt of lightning at you!
The bolt of electricity hits you. You resist.
* * * LOW HITPOINT WARNING * * *
It was a potion of invisibility.
You fade into invisibility!
The electric eel shoots out a bolt of lightning at you!
The bolt of electricity misses you. The bolt of electricity hits you.
You resist.
You die...

≈≈≈≈ ######~~~~~
~~~~~#
≈≈≈≈≈≈≈#.'........
......
≈≈≈≈≈≈≈###..######
######
≈≈≈≈≈≈≈#..[.# #
≈≈≈≈≈≈≈#..))# #
≈≈≈≈≈≈≈#'#'## #
≈≈≈≈≈≈≈~.#..# #
≈≈≈≈≈≈≈S.#..# #
≈≈≈≈≈≈≈S@#..# #
≈≈≈≈≈≈≈~.#..# #
≈≈≈≈≈≈≈~.#))# #
≈≈≈≈≈≈≈~.##)# #
≈≈≈≈≈≈≈~.#).# #
≈≈≈≈≈≈S~.#.8# #
≈≈≈≈≈≈≈~.#..# #
≈≈≈≈≈≈≈~.#.8####
####
#.....#######...


You could see 3 electric eels.

Vanquished Creatures
  A kobold demonologist (Bailey)
  Sigmund (D:2)
  The ghost of LobsterGuardian the Changeling, an amateur DrSh (D:6)
  Edmund (D:6)
  2 water moccasins (D:6)
  9 orc warriors
  2 ice beasts
  A sky beast (D:6)
  2 ogres
  A phantom (D:5)
  A centaur (D:6)
  A kobold brigand (D:6)
  2 elf zombies (Ossuary)
  2 bullfrogs (D:6)
  2 scorpions (D:5)
  A gnoll bouda (D:6)
  2 human zombies (Ossuary)
  An orc priest (D:6)
  A sleepcap (D:5)
  Jessica (D:2)
  Terence (D:3)
  5 iguanas
  5 orc wizards
  5 hound zombies (Ossuary)
  3 mummies (Ossuary)
  14 gnolls
  9 adders
  2 white imps
  2 ufetubi
  2 adder zombies (Ossuary)
  3 worms
  2 dart slugs
  18 orcs
  7 ball pythons
  5 bats
  12 endoplasms
  A giant cockroach (D:4)
  9 goblins
  9 hobgoblins
  4 jackals (D:5)
  12 kobolds
  3 quokkas
  3 frilled lizards
  A gnoll zombie (Ossuary)
  3 goblin zombies (Ossuary)
  A hobgoblin zombie (Ossuary)
  A jackal zombie (Ossuary)
  4 kobold zombies (Ossuary)
  3 orc zombies (Ossuary)
  5 quokka zombies (Ossuary)
  4 rats
  4 rat zombies (Ossuary)
197 creatures vanquished.

Notes
Turn   | Place    | Note
-------+----------+-------------------------------------------
     0 | D:1      | bmack86 the Minotaur Fighter began the quest for the Orb.
     0 | D:1      | Reached XP level 1. HP: 19/19 MP: 0/0
    99 | D:1      | Reached skill level 3 in Axes
   241 | D:1      | Reached XP level 2. HP: 24/26 MP: 1/1
   537 | D:1      | Reached skill level 4 in Axes
   924 | D:2      | Reached XP level 3. HP: 29/31 MP: 2/2
  1001 | D:2      | Noticed Sigmund
  1008 | D:2      | Killed Sigmund
  1009 | D:2      | Reached skill level 6 in Axes
  1009 | D:2      | Reached XP level 4. HP: 35/39 MP: 3/3
  1009 | D:2      | Reached XP level 5. HP: 40/45 MP: 4/4
  1076 | D:2      | Found a white marble altar of Elyvilon.
  1087 | D:2      | Reached skill level 7 in Axes
  1198 | D:2      | Noticed Jessica
  1207 | D:2      | Killed Jessica
  1921 | D:3      | Found a faded altar of an unknown god.
  1958 | D:3      | Noticed Terence
  1968 | D:3      | Killed Terence
  1969 | D:3      | Reached XP level 6. HP: 42/51 MP: 5/5
  2484 | D:4      | Reached skill level 8 in Axes
  2548 | D:4      | Found a staircase to the Ecumenical Temple.
  2579 | Temple   | Entered the Ecumenical Temple
  2592 | Temple   | Became a worshipper of Warmaster Okawaru
  2800 | D:4      | Found a sacrificial altar of Ru.
  2800 | D:4      | Found a radiant altar of Vehumet.
  3350 | D:5      | Entered Level 5 of the Dungeon
  3402 | D:5      | Found a sand-covered staircase.
  3417 | Ossuary  | Entered an ossuary
  3523 | Ossuary  | Reached skill level 9 in Axes
  3563 | Ossuary  | Reached XP level 7. HP: 55/57 MP: 6/6
  3648 | Ossuary  | Reached * piety under Okawaru
  3708 | Ossuary  | Reached skill level 10 in Axes
  4101 | D:5      | Identified the +12 long sword of the King {vamp, rElec rC-
                  | Int+2}
  4134 | D:5      | Reached skill level 11 in Axes
  4204 | D:5      | Reached XP level 8. HP: 64/64 MP: 7/7
  4353 | D:5      | Reached ** piety under Okawaru
  4599 | D:5      | Reached skill level 12 in Axes
  4797 | D:6      | Found a burning altar of Makhleb.
  4809 | D:6      | Reached skill level 13 in Axes
  4950 | D:6      | Found Cuaf Bes's Weapon Shop.
  5011 | D:6      | Reached *** piety under Okawaru
  5206 | D:6      | Reached skill level 14 in Axes
  5206 | D:6      | Reached XP level 9. HP: 62/70 MP: 8/8
  5269 | D:6      | Noticed Edmund
  5280 | D:6      | Killed Edmund
  5281 | D:6      | Reached skill level 1 in Invocations
  5447 | D:6      | Found a runed translucent door.
  5706 | D:6      | Noticed LobsterGuardian's ghost (amateur DrSh)
  5963 | D:6      | Killed LobsterGuardian's ghost
  6032 | D:7      | Found a flagged portal.
  6050 | Bailey   | Entered a bailey
  6085 | Bailey   | Reached skill level 5 in Fighting
  6085 | Bailey   | Reached skill level 5 in Armour
  6085 | Bailey   | Reached skill level 5 in Shields
  6325 | Bailey   | Reached **** piety under Okawaru
  6411 | Bailey   | Noticed a kobold demonologist
  6425 | Bailey   | Killed a kobold demonologist
  6563 | Bailey   | HP: 3/75 [electric eel/bolt of electricity (3)]
  6564 | Bailey   | Killed from afar by an electric eel

Illustrated notes

Levels and vault maps discovered:
D:1:      lightli_arrival_statue_moat, layout_basic
D:2:      layout_loops_corners, basic_altar, uniq_sigmund, uniq_jessica
D:3:      layout_loops_ring, hellmonk_ecumenical_altar_run_dry,
          kennysheep_generic_room_16, uniq_terence
D:4:      layout_loops_corners, nicolae_overflow_two_pavilions, temple_fountains
D:5:      layout_loops_ring, nicolae_ossuary_entry_monument,
          kennysheep_small_spiral
D:6:      layout_basic, mainiacjoe_overflow_24_doors, serial_shops, shop,
          ebering_ghost_sewer_d, uniq_edmund
D:7:      minmay_clustersquares, layout_rooms, serial_aquarium,
          aquarium_bridge_square [aquarium_subvault_window,
          aquarium_subvault_bridge, aquarium_subvault_bridge,
          aquarium_subvault_bridge], aquarium_window_2, aquarium_window_2,
          aquarium_view_2b, enter_bailey_3, roderic_serpentine_path,
          minmay_fractal_squares_5
Temple:   regret_index_temple_sphere_string
Bailey:   bailey_axe_of_yendor_kennysheep, bailey

Skill      XL: |  1  2  3  4  5  6  7  8  9 |
---------------+----------------------------+-----
Axes           | 3 4 6 7 9 11 14 | 14.0
Fighting       | 6 |  6.0
Armour         | 6 |  6.1
Shields        | 6 |  6.0
Invocations    | 3 |  3.7

Action                     |  1- 3 |  4- 6 |  7- 9 || total
---------------------------+-------+-------+-------++-------
  Melee: War axe           |    47 |   157 |   330 ||   534
         Headbutt          |     8 |    23 |    53 ||    84
    Use: Scroll            |       |     4 |    11 ||    15
         Potion            |       |       |     2 ||     2
 Armour: Scale mail        |    17 |       |       ||    17
         Plate armour      |     1 |    59 |    94 ||   154
  Dodge: Dodged            |    23 |    63 |    96 ||   182
  Block: Kite shield       |    15 |    66 |    99 ||   180
         Buckler           |     1 |       |       ||     1

Table legend: (Time is in decaauts)
 A = Elapsed time spent in this place.
 B = Non-inter-level travel time spent in this place.
 C = Inter-level travel time spent in this place.
 D = Time resting spent in this place.
 E = Time spent auto-exploring this place.
 F = Levels seen in this place.
 G = Mean time per level.
                   A        B        C        D        E       F      G
               +--------+--------+--------+--------+--------+-----+--------+
         Total |   6620 |   6465 |    155 |    327 |   4296 |  10 |  662.0 |
       Dungeon |   5759 |   5628 |    131 |     80 |   4263 |   7 |  822.7 |
        Temple |     26 |      2 |     24 |      0 |      0 |   1 |   26.0 |
       Ossuary |    325 |    325 |      0 |      0 |     33 |   1 |  325.0 |
        Bailey |    508 |    508 |      0 |    247 |      0 |   1 |  508.0 |
               +--------+--------+--------+--------+--------+-----+--------+

Top non-repeatable levels by time:
     D:6: 1335 daAuts
     D:5: 1007 daAuts
     D:2: 929 daAuts
     D:4: 890 daAuts
     D:3: 831 daAuts
     D:1: 708 daAuts
  Bailey: 508 daAuts
 Ossuary: 325 daAuts
     D:7: 55 daAuts
  Temple: 26 daAuts
